 Dungeon Crawl Stone Soup version 0.31.0-11-ge490571c62 (webtiles) character file.

Game seed: 18373475150894817979

2096 monsoonserge the Grave Robber (level 9, -3/46 (48) HPs)
             Began as a Tengu Necromancer on Jan 29, 2024.
             Slain by a red ugly thing (10 damage)
             ... on level 7 of the Dungeon.
             The game lasted 00:23:36 (6084 turns).

monsoonserge the Grave Robber (Tengu Necromancer)   Turns: 6084, Time: 00:23:36

HP:   -3/46 (48)    AC:  6    Str:  6 (9)  XL:     9   Next: 27%
MP:   16/16         EV: 16    Int: 19 (20) God:
Gold: 331           SH:  4    Dex: 12 (14) Spells: 8/16 levels left

rFire   + + .        w - +2 dagger (venom)
rCold   + + .        a - +0 buckler
rNeg    . . .        D - +2 robe {rC+ rF+}
rPois   +            (helmet restricted)
rElec   +            m - +1 cloak "Eceoq" {Harm}
rCorr   +            (no gloves)
SInv    .            (boots unavailable)
Will    .....        (no amulet)
Stlth   +++          (no ring)
HPRegen 0.27/turn    (no ring)
MPRegen 0.15/turn

%: harm (+30% outgoing, +20% incoming), acrobat
@: resistant, attractive, animating dead, flying, lightly drained
A: beak, talons 3, evasive flight, acrobatic
a: no special abilities


You were on level 7 of the Dungeon.
You visited 2 branches of the dungeon, and saw 8 of its levels.

You collected 331 gold pieces.

Inventory:

Hand Weapons
 k - the +7 dagger of Tosig {chaos, rElec Str+4 Int-5 Dex+8}
   (You found it on level 2 of the Dungeon)

   Str+4:     It affects your strength (+4).
   Int-5:     It affects your intelligence (-5).
   Dex+8:     It affects your dexterity (+8).
   rElec:     It insulates you from electricity.
 s - a +2 spear of venom
 w - a +2 dagger of venom (weapon)
 C - a +0 orcbow
Missiles
 o - 2 poisoned darts
Armour
 a - a +0 buckler (worn)
 m - the +1 cloak "Eceoq" (worn) {Harm}
   (You found it on level 2 of the Dungeon)

   Harm:      It increases damage dealt and taken.
 D - a +2 robe of resistance (worn)
Magical Staves
 n - a staff of air
Jewellery
 j - a ring of poison resistance
Scrolls
 d - 2 scrolls of vulnerability {unknown}
 f - 2 scrolls of identify {unknown}
 h - 2 scrolls of immolation {unknown}
 l - 2 scrolls of fear {unknown}
 p - a scroll of blinking {unknown}
 q - 2 scrolls of poison {unknown}
 r - 2 scrolls of teleportation {unknown}
 t - a scroll of noise {unknown}
 u - a scroll of butterflies {unknown}
 x - a scroll of brand weapon {unknown}
 y - a scroll of enchant weapon {unknown}
 A - a scroll of enchant armour {unknown}
Potions
 b - 3 potions of magic
 e - 2 potions of resistance
 i - 3 potions of attraction
 v - a potion of lignification {unknown}
 z - a potion of mutation {unknown}
 B - a potion of haste {unknown}


   Skills:
 + Level 2.1 Fighting
 + Level 4.8 Short Blades
 - Level 4.8 Armour
 + Level 4.6 Dodging
 + Level 6.3 Stealth
 * Level 0.6 Shields
 - Level 4.0 Spellcasting
 * Level 7.6 Necromancy


You had 8 spell levels left.
You knew the following spells:

 Your Spells              Type           Power      Damage    Failure   Level
a - Necrotise             Necr           100%       1d9       1%          1
b - Vampiric Draining     Necr           32%        2d8       3%          3
c - Animate Dead          Necr           32%        N/A       11%         4

Your spell library contained the following spells:

 Spells                   Type           Power      Damage    Failure   Level
 Shock                    Conj/Air       12%        1d3       24%         1
 Curse of Agony           Necr           32%        N/A       28%         5
 Ensorcelled Hibernation  Hex/Ice        6%         N/A       34%         2
 Ozocubu's Armour         Ice            3%         N/A       56%         3
 Passwall                 Erth           3%         N/A       56%         3
 Swiftness                Air            3%         N/A       56%         3
 Airstrike                Air            1%         2d(1-17)  93%         4
 Metabolic Englaciation   Hex/Ice        1%         N/A       100%        5
 Sculpt Simulacrum        Ice/Alch       1%         N/A       100%        6


Dungeon Overview and Level Annotations

Branches:
Dungeon (7/15)             Temple (1/1) D:4

Altars:
Ashenzari
Elyvilon
Fedhas
Gozag
Hepliaklqana
Makhleb
Nemelex Xobeh
Okawaru
Qazlal
Ru
Sif Muna
Trog
Uskayaw
Vehumet
Xom
Yredelemnul
Zin
The Shining One

Shops:
D:4 (

Annotations:
D:4 3 runed translucent doors, Grinder, Menkaure
D:6 3 runed translucent doors, sasquatch's ghost, novice FoFi


Innate Abilities, Weirdness & Mutations

You have a beak for a mouth.
You have claws for feet.
Your magical flight helps you evade attacks. (EV +4)
You can magically evade attacks while moving or waiting.


Message History

It was a potion of resistance.
You feel protected.
The white ugly thing basks in your mutagenic energy and changes!
It was a potion of ambrosia.
You are confused.
You feel invigorated.
You hit the red ugly thing.
The red ugly thing looks as sick as possible!
You claw the red ugly thing, but do no damage.
The red ugly thing is heavily wounded.
You hit the red ugly thing but do no damage.
The red ugly thing looks as sick as possible!
Your kick misses the red ugly thing.
You peck the red ugly thing, but do no damage.
The red ugly thing is severely wounded.
The red ugly thing kicks you!
* * * LOW HITPOINT WARNING * * *
You are engulfed in flames!
You resist.
* * * LOW HITPOINT WARNING * * *
The howler monkey hoots and howls with incredible vigour!
Your magical contamination has completely faded away.
The howler monkey is attracted toward you.
The centaur is attracted toward you.
The red ugly thing completely misses you.
You hit the centaur but do no damage.
The centaur is poisoned.
You peck the centaur, but do no damage.
The centaur is lightly wounded.
You feel less invigorated.
You feel less confused.
The centaur unwields a +0 shortbow.
You block the centaur's attack. The centaur closely misses you.
The red ugly thing kicks you.
* * * LOW HITPOINT WARNING * * *
You are engulfed in flames.
You resist.
* * * LOW HITPOINT WARNING * * *
It was a potion of degeneration.
There was something very wrong with that liquid.
You feel weakened.
You feel dopey.
You feel clumsy. The centaur barely misses you. The centaur closely misses you.
The bullfrog misses you. The red ugly thing kicks you!
You die...

#.........#.#.....#.#.#.#
#........#.#.....#.#[#.#.
###.......#.#.#+#.#.#.#.#
. ##.....#.#.#.#+#.# #.#.
.. #........#.#.... #.#
... ##......#.#+... #.
.#.. ###....####... +
5#?z§###....# #..
####oc.#c@..# #..
#c$uF..# ###h...# #....#
#.>..# ######


You could see a red ugly thing (extremely poisoned), a bullfrog, 2 centaurs and
a howler monkey.

Vanquished Creatures
  Jeremiah (D:7)
  A shadow (D:6)
  A steam dragon (D:7)
  Eustachio (D:5)
  An ogre (D:3)
  2 centaurs
  3 phantoms
  3 bullfrogs
  2 scorpions
  A howler monkey (D:5)
  A bombardier beetle (D:6)
  A hound (D:4)
  5 orc priests
  2 sleepcaps
  2 iguanas
  5 orc wizards
  3 adders
  2 shadow imps (D:6)
  2 white imps
  2 ufetubi (D:6)
  3 dart slugs
  17 orcs
  3 ball pythons
  2 endoplasms (D:1)
  5 giant cockroaches
  9 goblins
  6 hobgoblins
  6 jackals
  3 quokkas
  7 bats
  A frilled lizard (D:2)
  4 kobolds
  5 rats
112 creatures vanquished.

Vanquished Creatures (collateral kills)
  A frilled lizard (D:1)
1 creature vanquished.

Grand Total: 113 creatures vanquished

Notes
Turn   | Place    | Note
-------+----------+-------------------------------------------
     0 | D:1      | monsoonserge the Tengu Necromancer began the quest for the
                  | Orb.
     0 | D:1      | Reached XP level 1. HP: 10/10 MP: 4/4
   238 | D:1      | Reached XP level 2. HP: 13/15 MP: 1/6
   535 | D:1      | Reached skill level 5 in Necromancy
  1070 | D:2      | Reached XP level 3. HP: 14/19 MP: 7/7
  1105 | D:2      | Learned a level 3 spell: Vampiric Draining
  1180 | D:2      | Identified the +7 dagger of Tosig {chaos, rElec Str+4 Int-5
                  | Dex+8}
  1363 | D:2      | Identified the +1 cloak "Eceoq" {Harm}
  1603 | D:2      | Reached XP level 4. HP: 24/24 MP: 8/8
  1899 | D:3      | Reached skill level 1 in Short Blades
  2411 | D:3      | Noticed an ogre
  2507 | D:4      | Found Wichany's Weapon Shoppe.
  2540 | D:4      | Found a runed translucent gate.
  2540 | D:4      | Found a runed translucent gate.
  2540 | D:4      | Found a runed translucent gate.
  2788 | D:4      | Found a staircase to the Ecumenical Temple.
  2807 | Temple   | Entered the Ecumenical Temple
  3041 | D:4      | Noticed Grinder
  3094 | D:4      | Noticed a scorpion
  3098 | D:4      | Killed a scorpion
  3099 | D:4      | Reached XP level 5. HP: 28/28 MP: 7/9
  3314 | D:4      | Noticed Menkaure
  3319 | D:5      | Entered Level 5 of the Dungeon
  3319 | D:5      | Noticed Eustachio
  3338 | D:5      | Killed Eustachio
  3339 | D:5      | Reached XP level 6. HP: 22/33 MP: 6/10
  3377 | D:5      | Learned a level 4 spell: Animate Dead
  3649 | D:3      | Found a faded altar of an unknown god.
  3815 | D:3      | Reached skill level 1 in Armour
  3815 | D:3      | Gained mutation: Your magical flight helps you evade
                  | attacks. (EV +4) [Tengu growth]
  3815 | D:3      | Reached XP level 7. HP: 37/37 MP: 12/12
  4161 | D:5      | Reached skill level 5 in Stealth
  4205 | D:5      | Reached skill level 6 in Necromancy
  4304 | D:5      | Reached skill level 1 in Fighting
  4633 | D:5      | Reached XP level 8. HP: 36/43 MP: 13/13
  5389 | D:6      | Reached skill level 7 in Necromancy
  5661 | D:6      | Noticed a shadow
  5673 | D:6      | Killed a shadow
  5725 | D:6      | Found a runed translucent gate.
  5725 | D:6      | Found a runed translucent gate.
  5725 | D:6      | Found a runed translucent gate.
  5726 | D:6      | Noticed sasquatch's ghost (novice FoFi)
  5862 | D:6      | Reached XP level 9. HP: 48/48 MP: 15/15
  5963 | D:7      | Noticed Jeremiah
  5967 | D:7      | Killed Jeremiah
  6054 | D:7      | Noticed a white ugly thing
  6084 | D:7      | Slain by a red ugly thing

Illustrated notes

Levels and vault maps discovered:
D:1:      dpeg_arrival_circle_labyrinth_c, layout_basic
D:2:      layout_basic, st_stairs_14
D:3:      layout_basic, shapermc_ecumenical_altar_hornbeckon, serial_aquarium,
          aquarium_bridge_straight [aquarium_subvault_bridge,
          aquarium_subvault_wall, aquarium_subvault_bridge,
          aquarium_subvault_window], aquarium_window_fake, aquarium_window_2,
          aquarium_window_1, aquarium_view_2c, aquarium_view_2c,
          aquarium_balcony_1b, aquarium_pool_five, small_statue_intersection,
          minmay_misc_feat_enclosed
D:4:      layout_layer_cave, gammafunk_temple_overflow_elements,
          minmay_temple_entry_offerings, gammafunk_ghost_necromancy,
          serial_shops, shop, grunt_ministairs_11, uniq_menkaure, uniq_grinder
D:5:      layout_loops_ring, uniq_eustachio
D:6:      layout_loops_ring, ebering_ghost_rock_garden
D:7:      layout_basic, grunt_potential, uniq_maggie, uniq_jeremiah
Temple:   eino_narrow_crystal_temple

Skill      XL: |  1  2  3  4  5  6  7  8  9 |
---------------+----------------------------+-----
Necromancy     | 5 6 7 |  7.6
Short Blades   | 1 2 3 4 |  4.8
Stealth        | 3 4 5 6 |  6.3
Dodging        | 3 4 |  4.6
Armour         | 1 2 4 |  4.8
Spellcasting   | 3 4 |  4.0
Fighting       | 1 2 |  2.1
Shields        | |  0.6

Action                     |  1- 3 |  4- 6 |  7- 9 || total
---------------------------+-------+-------+-------++-------
  Melee: Short sword       |    21 |       |       ||    21
         Kick              |     8 |     8 |    61 ||    77
         Peck              |     4 |     8 |    35 ||    47
         Punch             |     1 |       |     1 ||     2
         Dagger            |    21 |    45 |   194 ||   260
         Spear             |       |    11 |       ||    11
   Cast: Necrotise         |    22 |     9 |     4 ||    35
         Vampiric Draining |       |     1 |     8 ||     9
         Animate Dead      |       |       |     1 ||     1
    Use: Potion            |       |       |     4 ||     4
   Stab: Sleeping          |    12 |     8 |     4 ||    24
         Distracted        |       |     1 |       ||     1
 Armour: Robe              |    13 |    11 |     9 ||    33
         Leather armour    |       |    15 |    72 ||    87
  Dodge: Dodged            |    32 |    39 |   128 ||   199
  Block: Buckler           |       |       |     3 ||     3
